 Dungeon Crawl Stone Soup version 0.19.1 (webtiles) character file.

15563 Leibowitz the Spear-Bearer (level 11, 0/91 HPs)
             Began as a Demigod Gladiator on Nov 29, 2016.
             Shot with an arrow by a tengu warrior (15 damage)
             ... on level 11 of the Dungeon.
             The game lasted 01:05:59 (17661 turns).

Leibowitz the Spear-Bearer (Demigod Gladiator)     Turns: 17661, Time: 01:06:00

Health: 0/91       AC: 10    Str: 20    XL:     11   Next: 71%
Magic:  18/18      EV: 21    Int: 12    God:
Gold:   611        SH:  0    Dex: 25    Spells: 1 memorised, 14 levels left

rFire  . . .     SeeInvis .     b - +0 blowgun
rCold  + . .     Gourm    .     s - +2 leather armour {rC+}
rNeg   + . .     Faith    .     (no shield)
rPois  .         Spirit   .     c - +0 helmet
rElec  .         Reflect  .     v - +1 cloak
rCorr  .         Harm     .     n - +0 pair of gloves
MR     +....                    (no boots)
Stlth  ++++......               G - amulet of magic regeneration
                                I - ring of positive energy
                                J - +5 ring of dexterity

@: lethally poisoned (0 -> -2)
A: high mp 1
a: no special abilities


You were on level 11 of the Dungeon.
You were very hungry.

You visited 2 branches of the dungeon, and saw 13 of its levels.

You collected 611 gold pieces.

Inventory:

Hand Weapons
 a - a +1 trident
 b - a +0 blowgun (weapon)
 h - the +9 falchion of the Two Names {slice, *Corrode Str+3 Int+8 Dex+3, unknown}
   (You found it on level 1 of the Lair of Beasts)

   It inflicts extra damage upon your enemies.
   It affects your strength (+3).
   It affects your intelligence (+8).
   It affects your dexterity (+3).
   It may corrode you when you take damage.
 y - the +6 hand axe of a wizard's laboratory {flame, rC+, unknown}
   (You found it on level 11 of the Dungeon)

   It has been specially enchanted to burn those struck by it, causing extra
   injury to most foes and up to half again as much damage against particularly
   susceptible opponents.
   Big, fiery blades are also staple armaments of hydra-hunters.
   It protects you from cold.
 A - a +2 spear of freezing
 C - the +8 hand axe of Reloin {chop, Dex+5, unknown}
   (You found it on level 4 of the Dungeon)

   It inflicts extra damage upon your enemies.
   It affects your dexterity (+5).
 U - the +6 long sword "Tuckius" {flame, Str+4, unknown}
   (You found it on level 10 of the Dungeon)

   It has been specially enchanted to burn those struck by it, causing extra
   injury to most foes and up to half again as much damage against particularly
   susceptible opponents.
   Big, fiery blades are also staple armaments of hydra-hunters.
   It affects your strength (+4).
Missiles
 d - a throwing net
 w - 67 poisoned needles (quivered)
 S - 2 curare-tipped needles
Armour
 c - a +0 helmet (worn)
 n - a +0 pair of gloves (worn)
 s - a +2 leather armour of cold resistance (worn)
 v - a +1 cloak (worn)
Rods
 M - a +0 iron rod (12/12)
   (You found it on level 1 of the Lair of Beasts)
Jewellery
 D - an uncursed ring of fire
 G - an amulet of magic regeneration (around neck)
 I - a ring of positive energy (right hand)
 J - a +5 ring of dexterity (left hand)
Wands
 r - a wand of iceblast (8/15)
 Q - a wand of lightning (9/15)
Scrolls
 e - a scroll of enchant weapon
 i - 5 scrolls of remove curse
 j - 4 scrolls of teleportation
 t - a scroll of recharging
 u - a scroll of magic mapping
 N - a scroll of fog
Potions
 g - 2 potions of agility
 k - a potion of might
 l - 2 potions of brilliance
 m - a potion of lignification
 o - 3 potions of resistance
 q - 2 potions of curing
 z - 3 potions of flight
 B - a potion of beneficial mutation {unknown}
 L - 2 potions of cancellation {unknown}
Books
 E - a book of Cantrips

   Spells                             Type                      Level
   a - Confusing Touch                Hexes                        1
   b - Animate Skeleton               Necromancy                   1
   c - Summon Small Mammal            Summoning                    1
   d - Apportation                    Translocation                1
 F - a book of Minor Magic

   Spells                             Type                      Level
   a - Magic Dart                     Conjuration                  1
   b - Blink                          Translocation                2
   c - Call Imp                       Summoning                    2
   d - Repel Missiles                 Charms/Air                   2
   e - Slow                           Hexes                        2
   f - Conjure Flame                  Conjuration/Fire             3
   g - Mephitic Cloud                 Conjuration/Poison/Air       3
 H - a book of Changes

   Spells                             Type                      Level
   a - Beastly Appendage              Transmutation                1
   b - Sticks to Snakes               Transmutation                2
   c - Spider Form                    Transmutation/Poison         3
   d - Ice Form                       Ice/Transmutation            4
   e - Blade Hands                    Transmutation                5
 O - a book of Maledictions

   Spells                             Type                      Level
   a - Corona                         Hexes                        1
   b - Ensorcelled Hibernation        Hexes/Ice                    2
   c - Confuse                        Hexes                        3
   d - Tukima's Dance                 Hexes                        3
   e - Dazzling Spray                 Conjuration/Hexes            3
Comestibles
 f - 16 bread rations
 p - 2 royal jellies
 x - 6 meat rations
 K - 6 fruits


   Skills:
 + Level 6.5 Fighting
 + Level 11.2 Polearms
 + Level 3.2 Throwing
 + Level 4.6 Armour
 * Level 9.0 Dodging
 + Level 7.3 Stealth
 + Level 2.6 Spellcasting
 + Level 2.5 Hexes
 + Level 0.3 Evocations


You had 14 spell levels left.
You knew the following spells:

 Your Spells              Type           Power        Failure   Level  Hunger
a - Confusing Touch       Hex            #.....       12%         1    #......


Dungeon Overview and Level Annotations

Branches:
Dungeon (11/15)            Temple (0/1) D:5            Lair (2/6) D:9
  Swamp: Lair:2-4    Shoals: Lair:2-4     Snake: Lair:2-4    Spider: Lair:2-4
    Orc: D:9-12

Shops:
D:4 }   D:5 [

Annotations:
D:2 Sigmund
D:6 TheSquall's ghost, novice MiBe
D:7 exclusion: ice statue
D:10 exclusion: ice statue


Innate Abilities, Weirdness & Mutations

You have an increased reservoir of magic. (+10% MP)


Message History

You feel sick.
You feel sick.
You feel sick.
You feel sick.
You feel sick. The green ugly thing misses you.
Items here: " ))) รท an uncursed amulet of faith; a blowgun; an uncursed club; a dagger a kobold skeleton You feel sick.
You feel sick.
You feel sick.
You feel sick.
You feel sick.
You feel sick.
You feel sick.
You feel sick. The green ugly thing misses you.
You feel sick.
The tengu warrior shoots an arrow.
The arrow hits you!
You die...

# #.########(.. #.... #
#..........##### ##### #
#..........#...# .... #
#..........'...# .... #
#....(.....#...# .... #
#..........'... ....
#######..........#. ....
...."....C...Cu..#####.. ....
..###....n..Q...@....... .. ....
Q.#.#####...........#### .## ###
C.#.....##########..#}.. ...#..[#
..#..............#..#.8.#...#.8.#
n.'..............# .#......Q....#
..#..............# .#..###(###..#
.(#..............# #...#...#W..#
..#############..#.. #.#<<<#.#
..............####..#..u#...#...#


You could see a green ugly thing, 2 hill giants, a tengu warrior and a
necrophage.

Vanquished Creatures
  A hydra (D:11)
  A centaur warrior (D:9)
  2 hill giants
  A manticore (D:11)
  A cyclops (D:11)
  An elephant (D:9)
  A black mamba (Lair:1)
  A spiny frog (Lair:1)
  A gargoyle (D:8)
  2 komodo dragons (Lair:1)
  2 trolls
  3 blink frogs (Lair:1)
  A hippogriff (Lair:2)
  25 yaks
  A spriggan (D:7)
  A wraith (D:11)
  2 wyverns
  A shadow (D:11)
  A basilisk (Lair:1)
  3 water moccasins (Lair:1)
  A porcupine (Lair:1)
  A necrophage (D:8)
  2 orc warriors
  A sky beast (D:7)
  A black bear (D:8)
  3 ice beasts
  3 phantoms
  4 wolves (Lair:1)
  2 ogres
  7 centaurs
  A crocodile (Lair:1)
  2 big kobolds
  4 bullfrogs
  3 scorpions
  10 killer bees
  3 wights (D:10)
  2 howler monkeys
  11 crimson imps
  2 bullfrog zombies
  5 hounds
  An orc priest (D:8)
  A jelly (D:8)
  A bullfrog skeleton (D:4)
  A centaur skeleton (D:10)
  2 iguanas (D:9)
  Ijyb (D:2)
  11 orc wizards
  Natasha (D:2)
  10 worker ants
  A hound zombie (D:11)
  A hound skeleton (D:8)
  A howler monkey zombie (D:5)
  A worker ant zombie (D:11)
  2 howler monkey skeletons
  7 gnolls
  4 adders
  4 shadow imps
  An ooze (D:1)
  2 adder zombies
  A worm (D:2)
  2 dart slugs
  5 leopard geckos
  31 orcs
  6 bats
  3 giant cockroaches
  10 goblins
  9 hobgoblins
  2 jackals (D:4)
  3 quokkas
  4 frilled lizards
  24 kobolds
  12 rats
285 creatures vanquished.

Vanquished Creatures (others)
  A bush (D:5)
  4 fungi
  A plant (Lair:1)
6 creatures vanquished.

Grand Total: 291 creatures vanquished

Notes
Turn   | Place    | Note
-------+----------+-------------------------------------------
     0 | D:1      | Leibowitz the Demigod Gladiator began the quest for the Orb.
     0 | D:1      | Reached XP level 1. HP: 17/17 MP: 3/3
   130 | D:1      | Reached skill level 3 in Polearms
   178 | D:1      | Reached XP level 2. HP: 14/24 MP: 4/4
   884 | D:1      | Reached XP level 3. HP: 13/29 MP: 5/5
  1062 | D:2      | Noticed Sigmund
  1309 | D:2      | Noticed Ijyb
  1323 | D:2      | Killed Ijyb
  1425 | D:2      | Found a sparkling altar of Nemelex Xobeh.
  1460 | D:2      | Noticed Natasha
  1468 | D:2      | Killed Natasha
  1468 | D:2      | Reached skill level 4 in Polearms
  1468 | D:2      | Reached XP level 4. HP: 30/36 MP: 6/6
  2780 | D:4      | Reached skill level 1 in Armour
  2795 | D:4      | Noticed an ogre
  2820 | D:4      | Killed an ogre
  2820 | D:4      | Reached XP level 5. HP: 42/42 MP: 7/7
  2917 | D:4      | Reached XP level 6. HP: 49/50 MP: 8/8
  2983 | D:4      | Found Buagaug's Gadget Shop.
  3008 | D:4      | Got a transparent hand axe
  3614 | D:5      | Entered Level 5 of the Dungeon
  3741 | D:5      | Reached skill level 5 in Polearms
  3741 | D:5      | Reached skill level 1 in Stealth
  3823 | D:5      | Reached XP level 7. HP: 55/56 MP: 9/9
  3844 | D:5      | Learned a level 1 spell: Confusing Touch
  3880 | D:5      | Found a hazy altar of Hepliaklqana.
  4073 | D:5      | Found Hoanotey's Antique Armour Emporium.
  4289 | D:5      | Reached skill level 5 in Dodging
  4478 | D:5      | Found a staircase to the Ecumenical Temple.
  5217 | D:6      | Found a sacrificial altar of Ru.
  5265 | D:6      | Found a hide-covered altar of Uskayaw.
  5279 | D:6      | Reached skill level 6 in Polearms
  5473 | D:6      | Found a glowing golden altar of the Shining One.
  5577 | D:6      | Found a burning altar of Makhleb.
  5578 | D:6      | Found a deep blue altar of Sif Muna.
  5751 | D:6      | Noticed TheSquall's ghost (novice MiBe)
  5784 | D:7      | Noticed an ice statue
  6451 | D:7      | Reached XP level 8. HP: 58/63 MP: 11/11
  6858 | D:7      | Reached skill level 1 in Spellcasting
  7208 | D:8      | Found an iron altar of Okawaru.
  7214 | D:8      | Reached skill level 7 in Polearms
  7452 | D:8      | Reached skill level 1 in Hexes
  7472 | D:8      | Found a hide-covered altar of Uskayaw.
  7533 | D:8      | Noticed a hand axe
  7533 | D:8      | Noticed a dagger
  7594 | D:8      | Noticed a gargoyle
  7620 | D:8      | Killed a gargoyle
  7620 | D:8      | Reached XP level 9. HP: 71/71 MP: 12/14
  8385 | D:8      | Reached skill level 8 in Polearms
  9060 | D:9      | Noticed an elephant
  9103 | D:9      | Killed an elephant
  9472 | D:9      | Reached skill level 9 in Polearms
  9823 | D:9      | Found a staircase to the Lair.
  9886 | D:9      | Reached skill level 5 in Stealth
  9909 | D:9      | Noticed a centaur warrior
  9994 | D:9      | Killed a centaur warrior
  9994 | D:9      | Reached skill level 5 in Fighting
  9994 | D:9      | Reached XP level 10. HP: 33/81 MP: 16/16
 10054 | Lair:1   | Entered Level 1 of the Lair of Beasts
 10328 | Lair:1   | Noticed a black mamba
 10340 | Lair:1   | Killed a black mamba
 10714 | Lair:1   | Reached skill level 10 in Polearms
 11896 | Lair:1   | Got a slimy falchion
 11954 | Lair:1   | Reached XP level 11. HP: 74/89 MP: 18/18
 12801 | Lair:2   | Noticed a five-headed hydra
 12823 | Lair:2   | HP: 1/89 [five-headed hydra (7)]
 12827 | Lair:2   | Noticed an eight-headed hydra
 13241 | Lair:2   | Noticed a five-headed hydra
 13317 | D:10     | Entered Level 10 of the Dungeon
 14052 | D:10     | Found a glowing golden altar of the Shining One.
 14194 | D:10     | Got a polished long sword
 15336 | D:11     | Noticed a tengu warrior
 15336 | D:11     | Noticed a hill giant
 15336 | D:11     | Noticed a hill giant
 15353 | D:10     | HP: 4/89 [hill giant/giant spiked club (7)]
 15354 | D:10     | Killed a hill giant
 16542 | D:11     | Noticed a hill giant
 16572 | D:11     | Killed a hill giant
 16572 | D:11     | Reached skill level 11 in Polearms
 17226 | D:11     | Noticed a six-headed hydra
 17344 | D:11     | Got a translucent hand axe
 17366 | D:11     | Noticed a five-headed hydra
 17397 | D:11     | Killed a five-headed hydra
 17580 | D:11     | Noticed a hill giant
 17661 | D:11     | Shot with an arrow by a tengu warrior

Skill      XL: |  1  2  3  4  5  6  7  8  9 10 11 |
---------------+----------------------------------+-----
Polearms       | 3 4 5 6 7 9 10 11 | 11.2
Dodging        | 3 4 5 6 8 9 |  9.0
Fighting       | 2 3 4 5 6 |  6.5
Armour         | 1 2 3 4 |  4.6
Throwing       | 2 3 |  3.2
Stealth        | 1 2 3 5 6 7 |  7.3
Spellcasting   | 1 2 |  2.6
Hexes          | 1 2 |  2.5
Evocations     | |  0.3

Action                   |  1- 3 |  4- 6 |  7- 9 | 10-12 || total
-------------------------+-------+-------+-------+-------++-------
Melee: Trident           |   124 |   202 |   526 |   678 ||  1530
       Blowgun           |       |       |     8 |       ||     8
       Unarmed           |       |       |    29 |    41 ||    70
 Fire: Blowgun           |       |     6 |    18 |    28 ||    52
Throw: Throwing net      |       |       |     1 |     1 ||     2
 Cast: Confusing Touch   |       |       |    20 |    24 ||    44
Evoke: Wand              |       |     2 |     3 |     3 ||     8
  Use: Scroll            |       |     7 |     6 |     7 ||    20
       Potion            |       |     1 |     2 |     1 ||     4
 Stab: Sleeping          |     1 |     3 |    10 |    10 ||    24
       Confused          |       |       |    24 |    40 ||    64
       Distracted        |       |       |     1 |     3 ||     4
       Invisible         |       |       |     2 |       ||     2
       Held in net/web   |       |       |     1 |     2 ||     3
  Eat: Chunk             |     2 |     8 |    17 |    22 ||    49
       Beef jerky        |       |       |     2 |     1 ||     3
       Pizza             |       |       |       |     1 ||     1
Armor: Leather armour    |    51 |    63 |   112 |   100 ||   326
Dodge: Dodged            |    92 |   128 |   324 |   517 ||  1061
